Map: Zen LE

Players

Alexander

  • Race: Protoss Protoss
  • League: Silver
  • Spawn Location: 7:00

antagomiR - Winner!

  • Race: Protoss Protoss
  • League: Gold
  • Spawn Location: 1:00

VOD

Have the link to the VOD?

Description

Time

  • Played on: April 5, 2020, 2:07 p.m.
  • Length: 8:09
Show
View Real Time Build Order
Export as new Build Order

Alexander Protoss 

Build Orders:  

Get SALT Encoding   

  12  0:02  Probe  
  14  0:14  Probe  
  14  0:19  Pylon  
  14  0:26  Probe  
  15  0:38  Probe  
  16  0:46  Gateway  
  16  0:50  Probe (Chrono Boost)  
  17  1:00  Probe (Chrono Boost)  
  18  1:05  Probe (Chrono Boost)  
  19  1:17  Gateway  
  19  2:00  Cybernetics Core  
  19  2:02  Pylon  
  19  2:04  Zealot (Chrono Boost)  
  23  2:11  Zealot (Chrono Boost)  
  23  2:24  Pylon  
  23  2:27  Zealot (Chrono Boost)  
  25  2:31  Assimilator  
  25  2:49  Probe  
  26  2:56  Zealot (Chrono Boost)  
  30  3:01  Probe  
  30  3:02  Zealot (Chrono Boost)  
  31  3:09  Gateway  
  31  3:12  Warp Gate (Chrono Boost), Gateway  
  31  3:13  Probe  
  31  3:15  Pylon  
  32  3:22  Zealot  
  32  3:25  Probe  
  34  4:03  Stalker  
  34  4:04  Stalker  
  38  4:17  Stalker  
  40  4:42  Zealot x3  
  46  4:47  Probe  
  47  4:54  Pylon  
  47  4:55  Pylon  
  47  5:02  Gateway  
  47  5:12  Probe  
  48  5:19  Zealot  
  48  5:20  Zealot x3  
  56  5:24  Probe  
  57  5:52  Zealot x3  
  63  6:01  Pylon  
  51  6:37  Stalker x4  
  51  6:38  Stalker  
  47  7:14  Zealot x4  
  47  7:15  Zealot  
  37  7:35  Zealot x2  
  37  7:36  Zealot x2  
Show
View Real Time Build Order
Export as new Build Order

antagomiR Protoss - Winner!

Build Orders:  

Get SALT Encoding   

  12  0:01  Probe  
  13  0:13  Probe  
  14  0:24  Pylon  
  14  0:25  Probe  
  15  0:42  Probe  
  16  0:44  Gateway  
  16  0:54  Probe  
  17  1:07  Assimilator  
  17  1:14  Probe  
  18  1:19  Assimilator  
  18  1:26  Probe  
  19  1:37  Cybernetics Core  
  19  1:42  Probe  
  20  1:54  Probe  
  21  2:10  Warp Gate (Chrono Boost)  
  21  2:12  Adept (Chrono Boost)  
  23  2:25  Pylon  
  23  2:41  Gateway  
  23  2:42  Gateway  
  23  2:43  Probe, Stalker  
  26  2:49  Robotics Facility  
  26  2:55  Probe  
  27  3:07  Probe  
  28  3:15  Pylon  
  28  3:24  Probe  
  29  3:36  Probe  
  29  3:41  Observer  
  31  3:48  Probe  
  32  4:00  Probe  
  32  4:02  Observer  
  34  4:12  Probe  
  35  4:24  Probe, Nexus  
  36  4:36  Probe  
  37  4:39  Pylon  
  37  4:44  Stalker  
  39  4:53  Pylon  
  39  4:57  Probe  
  39  4:58  Shield Battery  
  40  5:00  Sentry x2  
  44  5:16  Sentry  
  44  5:19  Immortal  
  50  5:23  Pylon  
  50  5:24  Probe  
  51  5:32  Stalker  
  51  5:33  Stalker  
  55  5:36  Probe  
  55  5:42  Shield Battery  
  56  5:44  Pylon  
  56  5:46  Probe  
  56  5:48  Probe  
  57  5:52  Forge  
  57  5:53  Stalker  
  59  5:58  Probe, Immortal  
  59  6:00  Probe  
  65  6:14  Stalker  
  65  6:15  Stalker  
  71  6:18  Probe x2  
  71  6:30  Probe x2  
  73  6:42  Probe x2  
  75  6:52  Immortal  
  79  6:54  Probe x2  
  81  7:07  Probe  
  73  7:37  Stalker x3  
Tags
 
Matchup
PvP
Replay Pack
20200422
Spawn Locations
Cross Positions
Add a new tag
Caveats
  • Supply blocks, unpowered buildings, or Contaminate may cause inaccurate times.
  • Supply counts are checked every 10 seconds.